 Dungeon Crawl Stone Soup version 0.21-a0-401-g0b6bec4 (webtiles) character file.

3745 4thArraOfDagon the Magician (level 9, -5/60 HPs)
             Began as a Deep Elf Chaos Knight on Oct 24, 2017.
             Slain by a spiny frog (15 damage)
             ... on level 1 of the Lair of Beasts.
             The game lasted 00:19:31 (4226 turns).

4thArraOfDagon the Magician (Deep Elf Chaos Knight) Turns: 4226, Time: 00:19:32

Health: -5/60      AC: 15    Str:  9    XL:     9   Next: 93%
Magic:  22/22      EV:  5    Int: 21    God:    Xom [.....*]
Gold:   326        SH:  0    Dex: 14    Spells: 23/23 levels left

rFire    + + .     SeeInvis .   a - +2 short sword (chaos)
rCold    + + .     Gourm    .   (no shield)
rNeg     . . .     Faith    .   f - +4 chain mail {MR+}
rPois    +         Spirit   .   (no helmet)
rElec    +         Reflect  .   k - +0 cloak
rCorr    +         Harm     .   (no gloves)
MR       +....     Rnd*Tele +   (no boots)
Stlth    ..........             i - amulet of rage
HPRegen  0.20/turn              x - ring of protection from cold
MPRegen  0.18/turn              (no ring)

@: lethally poisoned (-5 -> -5), resistant, berserk cooldown, slowed, very slow
A: blink, fire resistance 1, robust 1, teleportitis 1
a: Blink, Renounce Religion, Evoke Berserk Rage


You were on level 1 of the Lair of Beasts.
You worshipped Xom.
You were Xom's teddy bear.
You were hungry.

You visited 2 branches of the dungeon, and saw 11 of its levels.

You collected 326 gold pieces.

Inventory:

Hand Weapons
 a - a +2 short sword of chaos (weapon)
 e - a +0 hand axe of venom
 t - a +4 scimitar of flaming
Armour
 b - a +2 leather armour
 f - a +4 chain mail of magic resistance (worn)
 k - a +0 cloak (worn)
 v - a +0 pair of gloves
Jewellery
 i - an amulet of rage (around neck)
 x - a ring of protection from cold (left hand)
Wands
 q - a wand of digging (10/24)
Scrolls
 g - a scroll of enchant armour
 l - a scroll of fog
 m - a scroll of noise
 n - a scroll of remove curse
 p - a scroll of random uselessness
 r - a scroll of blinking {unknown}
 w - 3 scrolls of amnesia {unknown}
Potions
 s - a potion of degeneration
 u - 4 potions of curing
Books
 o - a book of Changes

   Spells                             Type                      Level
   a - Beastly Appendage              Transmutation                1
   b - Sticks to Snakes               Transmutation                2
   c - Spider Form                    Transmutation/Poison         3
   d - Ice Form                       Ice/Transmutation            4
   e - Blade Hands                    Transmutation                5
Comestibles
 c - a bread ration
 j - a meat ration


   Skills:
 + Level 6.1 Fighting
 - Level 7.1 Short Blades
 * Level 6.2 Armour
 - Level 4.2 Dodging
 + Level 7.6 Spellcasting
 - Level 4.3 Evocations


You had 23 spell levels left.
You didn't know any spells.

Dungeon Overview and Level Annotations

Branches:
Dungeon (10/15)              Lair (1/6) D:10
 Temple: D:4-7          Orc: D:9-12

Altars:
Cheibriados
Dithmenos
Elyvilon
Xom

Annotations:
D:5 Menkaure


Innate Abilities, Weirdness & Mutations

You can translocate small distances at will.
Your flesh is heat resistant. (rF+)
You are robust. (+10% HP)
You are occasionally teleported next to monsters.


Message History

You feel sick.
The spiny frog stings you but does no damage.
The porcupine bites you but does no damage.
The vampire mosquito bites you but does no damage.
Unknown command.
Unknown command.
The vampire mosquito bites you.
* * * LOW HITPOINT WARNING * * *
The vampire mosquito draws strength from your injuries!
The spiny frog stings you.
* * * LOW HITPOINT WARNING * * *
The vampire mosquito bites you but does no damage.
The vampire mosquito bites you.
* * * LOW HITPOINT WARNING * * *
The vampire mosquito draws strength from your injuries!
Unknown command.
Unknown command.
The spiny frog stings you!
You die...
Xom thinks this is hilarious!

## . .#
.## ..#
#.# ###.#
####.#@##
#.....Fy#
#......y#
#...>..r#
#...<...#
#....$..#
#.......+
#.......#
#########


You could see a spiny frog, 2 vampire mosquitoes and a porcupine.

Vanquished Creatures
  A two-headed ogre (D:10)
  Erica (D:8)
  Grinder (D:4)
  A hippogriff (D:8)
  2 hungry ghosts
  Edmund (D:5)
  A water moccasin (D:10)
  2 orc warriors (D:6)
  An ice beast (D:7)
  A sky beast (D:4)
  A black bear (D:10)
  3 ogres
  4 bullfrogs
  A wyvern skeleton (D:10)
  A scorpion (D:5)
  A bullfrog zombie (D:10)
  A crimson imp (D:8)
  A jelly (D:5)
  A quasit (D:10)
  A hound (D:4)
  A centaur skeleton (D:6)
  2 orc priests (D:6)
  3 orc wizards
  4 worker ants
  A hound skeleton (D:5)
  7 adders
  2 leopard geckos
  13 orcs
  4 bats
  2 giant cockroaches (D:5)
  2 goblins
  A hobgoblin (D:3)
  A quokka (D:7)
  A ball python (D:2)
  2 frilled lizards
  10 kobolds
  A quokka skeleton (D:7)
  A rat (D:3)
85 creatures vanquished.

Vanquished Creatures (collateral kills)
  A wight (D:10)
  An orc wizard (D:6)
  A shadow imp (D:7)
  A quokka (D:4)
4 creatures vanquished.

Vanquished Creatures (others)
  An adder (D:4)
  A quokka (D:4)
  12 plants (D:10)
14 creatures vanquished.

Grand Total: 103 creatures vanquished

Notes
Turn   | Place    | Note
-------+----------+-------------------------------------------
     0 | D:1      | 4thArraOfDagon the Deep Elf Chaos Knight began the quest for the Orb.
     0 | D:1      | Reached XP level 1. HP: 13/13 MP: 3/3
   207 | D:3      | Reached skill level 1 in Armour
   266 | D:2      | Reached XP level 2. HP: 14/18 MP: 4/4
   407 | D:3      | Reached skill level 1 in Evocations
   407 | D:3      | Reached XP level 3. HP: 22/22 MP: 4/6
   488 | D:4      | Reached XP level 4. HP: 27/27 MP: 7/7
   731 | D:4      | Noticed an ogre
   734 | D:4      | XOM: cast spell 'Olgreb's Toxic Radiance'
   737 | D:4      | XOM: cast spell 'Cause Fear'
   744 | D:4      | XOM: cast spell 'Call Canine Familiar'
   749 | D:4      | Killed an ogre
   749 | D:4      | Reached XP level 5. HP: 28/32 MP: 7/9
   804 | D:4      | Found a white marble altar of Elyvilon.
   806 | D:4      | Noticed Grinder
   806 | D:4      | XOM: divination: detect items
   809 | D:4      | Noticed a sky beast
   817 | D:4      | Killed a sky beast
   817 | D:4      | Reached XP level 6. HP: 37/37 MP: 10/10
   821 | D:4      | Killed Grinder
   821 | D:4      | Reached skill level 5 in Short Blades
   824 | D:4      | Gained mutation: Scrolls take you a little longer to read. [mutagenic meat]
   827 | D:4      | Gained mutation: Your muscles are strong. (Str +2) [mutagenic meat]
   877 | D:4      | XOM: enchant monster (bad)
   880 | D:4      | XOM: cast spell 'Call Canine Familiar'
   885 | D:4      | Reached XP level 7. HP: 41/41 MP: 12/12
   933 | D:4      | XOM: enchant monster (good)
  1119 | D:5      | Entered Level 5 of the Dungeon
  1256 | D:5      | XOM: scenery: create altars
  1260 | D:5      | XOM: potion effect (haste)
  1264 | D:5      | XOM: summons friendly ufetubus
  1429 | D:5      | Reached skill level 1 in Spellcasting
  1509 | D:6      | XOM: god gift: scroll labeled NUCKET VINIUSE {god gift}
  1517 | D:6      | Lost mutation: Your muscles are strong. (Str +2) [potion of mutation]
  1517 | D:6      | Lost mutation: Scrolls take you a little longer to read. [potion of mutation]
  1517 | D:6      | Gained mutation: You can translocate small distances at will. [potion of mutation]
  1517 | D:6      | Gained mutation: You are occasionally teleported next to monsters. [potion of mutation]
  1517 | D:6      | Gained mutation: You are robust. (+10% HP) [potion of mutation]
  1517 | D:6      | Gained mutation: Your flesh is heat resistant. (rF+) [potion of mutation]
  1599 | D:6      | XOM: summons 5 friendly demons
  1616 | D:6      | XOM: cleaving
  1873 | D:5      | Noticed Edmund
  1881 | D:5      | XOM: summons 3 hostile demons
  1882 | D:5      | XOM: divination: detect creatures
  1886 | D:5      | Reached XP level 8. HP: 52/52 MP: 14/14
  1894 | D:5      | Killed Edmund
  2175 | D:5      | Noticed Menkaure
  2848 | D:7      | Found a shadowy altar of Dithmenos.
  2950 | D:7      | XOM: god gift: 15 bolts
  2953 | D:7      | XOM: potion effect (might)
  3004 | D:7      | XOM: summons 3 friendly demons
  3058 | D:7      | XOM: polymorph adder -> quokka
  3065 | D:7      | Reached skill level 5 in Spellcasting
  3115 | D:8      | Found a snail-covered altar of Cheibriados.
  3125 | D:8      | Noticed a hippogriff
  3142 | D:8      | Killed a hippogriff
  3142 | D:8      | Reached skill level 5 in Fighting
  3251 | D:7      | XOM: scenery: create altars
  3350 | D:8      | Noticed Erica
  3375 | D:8      | Killed Erica
  3375 | D:8      | Reached XP level 9. HP: 39/59 MP: 17/20
  3602 | D:8      | Reached skill level 5 in Armour
  3703 | D:9      | Noticed a two-headed ogre
  3705 | D:9      | XOM: potion effect (berserk rage)
  3709 | D:9      | Noticed a two-headed ogre
  3720 | D:9      | XOM: divination: magic mapping
  3926 | D:10     | Entered Level 10 of the Dungeon
  3928 | D:10     | Noticed a two-headed ogre
  3937 | D:10     | Killed a two-headed ogre
  4088 | D:10     | Noticed a komodo dragon
  4090 | D:10     | XOM: summons 3 friendly demons
  4213 | D:10     | :O
  4217 | D:10     | Found a staircase to the Lair.
  4217 | D:10     | XOM: summons 9 friendly demons
  4218 | D:10     | :I
  4222 | Lair:1   | Entered Level 1 of the Lair of Beasts
  4222 | Lair:1   | Noticed a spiny frog
  4226 | Lair:1   | Slain by a spiny frog

Vault maps used:
D:1:      dpeg_arrival_castle, corexii_leaking_fountain
D:2:      zin_scriptorium, st_stairs_5, minivault_11, minivault_27,
          roderic_roman_lattice
D:4:      first_bread, elyvilon_altar_4, uniq_grinder
D:5:      uniq_edmund, uniq_pikel, uniq_menkaure
D:6:      marbit_many_paths, corexii_checkpoint_a, kennysheep_small_square
D:7:      kennysheep_spiral_hall, grunt_dithmenos_smoke_and_mirrors,
          minmay_temple_entry_enclosed_plants, minmay_misc_feat_five,
          dk_noncrumbling_4, minmay_misc_feat_nine_boxes
D:8:      cheibriados_altar_1, serial_glass, glass_columns_a, glass_columns_b,
          uniq_erica
D:9:      nicolae_overflow_crystal_walls, amethyst_overflow_temple_binary,
          david_orc_4
D:10:     david_lair_shrubbed, blue_anna_alchemist

Skill      XL: |  1  2  3  4  5  6  7  8  9 |
---------------+----------------------------+-----
Armour         | 1 4 6 |  6.2
Evocations     | 1 2 3 4 |  4.3
Dodging        | 3 4 |  4.2
Fighting       | 3 4 5 6 |  6.1
Short Blades   | 4 5 6 7 |  7.1
Spellcasting   | 3 6 7 |  7.6

Action                   |  1- 3 |  4- 6 |  7- 9 || total
-------------------------+-------+-------+-------++-------
Melee: Short sword       |    64 |    34 |   330 ||   428
 Abil: Evoke Berserk Rag |     3 |     4 |    17 ||    24
  Use: Potion            |     1 |       |     7 ||     8
       Scroll            |       |       |    15 ||    15
 Stab: Paralysed         |       |     2 |     3 ||     5
       Petrifying        |       |       |     1 ||     1
  Eat: Chunk             |       |     7 |    13 ||    20
       Royal jelly       |       |       |     3 ||     3
       Bread ration      |       |       |     3 ||     3
       Fruit             |       |       |     1 ||     1
Armor: Leather armour    |    34 |     5 |    33 ||    72
       Chain mail        |       |       |   159 ||   159
Dodge: Dodged            |    51 |    11 |   133 ||   195

Table legend:
 A = Spawn XP
 B = Non-spawn XP
 C = Spawn XP percentage of total XP
 D = Spawn monster count
 E = Non-spawn monster count
 F = Spawn count percentage of total count
 G = Total turns spent on level
                    A         B        C        D         E        F      G
               +---------+---------+-------+---------+---------+-------+---------
         Total |       0 |    5350 |   0.0 |       0 |      90 |   0.0 |  4226
               +---------+---------+-------+---------+---------+-------+---------
           D:2 |       0 |      27 |   0.0 |       0 |       9 |   0.0 |   230
           D:3 |       0 |      71 |   0.0 |       0 |      12 |   0.0 |   329
           D:4 |       0 |     743 |   0.0 |       0 |      11 |   0.0 |   597
           D:5 |       0 |     472 |   0.0 |       0 |      16 |   0.0 |   896
           D:6 |       0 |     653 |   0.0 |       0 |      15 |   0.0 |   716
           D:7 |       0 |     510 |   0.0 |       0 |       8 |   0.0 |   278
           D:8 |       0 |    1483 |   0.0 |       0 |       6 |   0.0 |   754
           D:9 |       0 |       1 |   0.0 |       0 |       1 |   0.0 |    65
          D:10 |       0 |    1390 |   0.0 |       0 |      12 |   0.0 |   296
               +---------+---------+-------+---------+---------+-------+---------
